Map: Dusk Towers

Players

Ramen

  • Race: Terran Terran
  • League: Diamond

Alpo - Winner!

  • Race: Zerg Zerg
  • League: Diamond

VOD

Have the link to the VOD?

Description

Time

  • Played on: Feb. 20, 2016, 11:48 p.m.
  • Length: 16:17
Show
View Real Time Build Order
Export as new Build Order

Ramen Terran 

Build Orders:  

Get SALT Encoding   

  13  0:10  Supply Depot  
  12  0:20  Refinery  
  12  0:37  Barracks  
  12  0:54  Barracks  
  12  1:01  SCV  
  13  1:14  SCV  
  14  1:23  Reaper  
  15  1:26  SCV  
  16  1:38  SCV  
  17  1:47  Supply Depot  
  17  1:50  Reaper  
  17  1:53  SCV  
  19  1:57  Reaper  
  20  2:07  Refinery  
  20  2:12  SCV  
  21  2:24  Reaper  
  21  2:29  Reaper  
  23  2:39  Orbital Command  
  23  2:56  Reaper  
  24  3:04  Reaper  
  24  3:21  SCV  
  25  3:28  Reaper  
  25  3:33  SCV  
  27  3:52  Reaper  
  28  4:00  Reaper  
  29  4:08  SCV  
  29  4:12  Factory  
  28  4:20  SCV  
  28  4:23  Command Center  
  28  4:24  Reaper  
  28  4:25  Supply Depot  
  28  4:32  SCV  
  28  4:33  Reaper  
  30  4:44  SCV  
  31  4:52  Command Center  
  31  4:56  SCV  
  27  5:01  Factory Tech Lab  
  27  5:06  Barracks Tech Lab  
  27  5:08  SCV  
  28  5:20  SCV  
  29  5:23  Siege Tank  
  32  5:33  SCV  
  33  5:35  Marine  
  34  5:45  SCV  
  35  5:55  Siege Tank  
  39  5:57  SCV  
  39  5:58  Orbital Command  
  39  6:01  Starport  
  36  6:23  Barracks  
  36  6:24  SCV  
  37  6:25  Barracks  
  37  6:27  Barracks, Refinery  
  37  6:30  Orbital Command, Refinery  
  37  6:37  SCV  
  37  6:39  Engineering Bay  
  38  6:45  Bunker  
  38  6:56  SCV  
  38  6:57  SCV  
  38  6:59  Cloaking Field  
  38  7:00  Banshee  
  43  7:02  SCV, Widow Mine  
  43  7:08  Missile Turret  
  46  7:11  Missile Turret  
  46  7:13  SCV  
  47  7:20  Barracks Tech Lab, Barracks Reactor x2  
  47  7:22  Supply Depot  
  47  7:25  SCV  
  47  7:26  SCV  
  47  7:27  Liberator  
  49  7:31  Widow Mine  
  51  7:40  SCV  
  51  7:41  Stimpack  
  52  7:45  Marine  
  52  7:48  SCV, Missile Turret  
  52  7:49  SCV  
  58  7:52  SCV  
  58  7:58  Supply Depot x2  
  59  8:00  SCV  
  59  8:03  Marine, Barracks Tech Lab  
  61  8:07  Missile Turret  
  61  8:08  Factory Tech Lab  
  61  8:10  Liberator  
  61  8:11  Marine x3  
  64  8:21  Marine  
  64  8:26  Orbital Command  
  68  8:41  Bunker  
  68  8:42  Starport  
  68  8:44  Marine  
  68  8:45  Marine x2, Starport  
  68  8:46  Siege Tank  
  74  8:53  Liberator  
  71  8:59  SCV  
  71  9:00  SCV  
  71  9:01  SCV  
  74  9:05  Supply Depot  
  74  9:06  Liberator x2  
  74  9:07  Refinery  
  74  9:11  SCV, Refinery  
  74  9:13  SCV  
  74  9:15  Marine x2  
  74  9:16  Marine x4, Armory  
  91  9:26  SCV  
  91  9:28  Missile Turret  
  91  9:30  SCV x2, Supply Depot, Missile Turret  
  94  9:33  Marine x2  
  97  9:38  SCV  
  97  9:48  Supply Depot  
  97  9:49  SCV, Bunker  
  97  9:50  SCV  
  99  9:54  Liberator x2  
  99  9:55  Liberator  
  99  9:56  Infernal Pre-Igniter  
  99  10:08  Command Center  
  99  10:11  Supply Depot  
  108  10:15  Marine x3  
  108  10:16  Marine  
  112  10:22  Barracks  
  112  10:24  Terran Vehicle And Ship Armor Level 1  
  112  10:31  Ghost Academy  
  112  10:32  Terran Infantry Armor Level 1  
  112  10:35  Barracks  
  112  10:37  Liberator  
  112  10:50  SCV x2  
  112  10:52  Bunker  
  112  10:53  Marine x2, Siege Tank  
  112  10:54  Marine x2  
  123  11:02  SCV  
  124  11:11  Personal Cloaking  
  124  11:12  Starport Tech Lab  
  124  11:13  Barracks Tech Lab  
  124  11:19  Ghost x2  
  124  11:22  Orbital Command  
  124  11:23  Supply Depot  
  124  11:24  Supply Depot  
  119  11:47  Ghost  
  121  11:55  SCV, Ghost x2  
  121  11:56  Marine x4  
  121  11:57  Marine  
  121  11:58  SCV  
  132  12:04  Refinery  
  132  12:05  SCV  
  132  12:06  Orbital Command  
  133  12:08  SCV  
  133  12:10  SCV  
  133  12:13  Medivac x3  
  133  12:14  Marine x5  
  146  12:16  Ghost  
  146  12:17  SCV  
  146  12:20  SCV  
  151  12:22  SCV  
  151  12:24  Refinery  
  151  12:26  Liberator  
  151  12:29  SCV  
  149  12:34  Terran Ship Weapons Level 1  
  149  12:36  Armory  
  146  12:39  SCV  
  146  12:40  SCV  
  146  12:41  SCV  
  146  12:43  Medivac  
  154  12:47  Liberator  
  154  12:48  Barracks Tech Lab  
  154  12:49  Supply Depot  
  154  12:51  SCV  
  154  12:52  SCV  
  156  13:04  SCV x3  
  162  13:08  SCV  
  163  13:13  Liberator  
  163  13:17  SCV x2  
  165  13:22  Supply Depot  
  165  13:29  Starport Reactor  
  165  13:30  Liberator  
  165  13:31  Ghost  
  165  13:32  Marauder  
  172  13:36  Missile Turret  
  172  13:41  Supply Depot  
  172  13:43  Ghost  
  172  13:44  Marine x3, Marauder  
  172  13:46  Supply Depot  
  160  13:52  Ghost  
  150  13:59  Marine, Ghost  
  150  14:01  Marine x3  
  152  14:04  Supply Depot  
  152  14:06  Marauder  
  152  14:09  Supply Depot  
  154  14:13  Viking, Marauder  
  154  14:15  Missile Turret  
  158  14:21  Nuke, Marauder  
  158  14:22  Terran Infantry Weapons Level 1  
  160  14:27  Marauder  
  160  14:28  Marauder  
  160  14:30  Viking  
  166  14:34  Command Center, Marauder  
  168  14:39  Marine x3  
  168  14:40  Marine  
  168  14:43  Viking  
  174  14:46  Command Center  
  174  14:51  Armory  
  174  14:53  Fusion Core  
  174  15:00  Viking  
  176  15:07  Concussive Shells  
  176  15:08  Ghost x2  
  176  15:09  Marine x4, Marauder x2  
  176  15:13  Viking  
  163  15:30  Viking, Marauder  
  147  15:45  Marine  
  147  15:46  Marine x3, Marauder x3  
  140  15:52  Marauder  
Show
View Real Time Build Order
Export as new Build Order

Alpo Zerg - Winner!

Build Orders: Hatch First, Muta Ling Bane 

Get SALT Encoding   

  12  0:01  Drone  
  13  0:12  Overlord  
  13  0:18  Drone  
  14  0:30  Drone x2  
  14  0:35  Drone  
  17  0:53  Hatchery  
  16  1:10  Spawning Pool  
  15  1:11  Drone  
  15  1:14  Drone  
  15  1:18  Drone  
  18  1:22  Extractor  
  18  1:24  Drone  
  18  1:38  Overlord  
  18  1:55  Overlord  
  18  1:57  Zergling x2  
  19  2:03  Queen  
  19  2:04  Zergling x2  
  19  2:06  Zergling x2  
  24  2:22  Zergling x2  
  24  2:32  Drone  
  24  2:33  Zergling x2, Drone  
  24  2:37  Zergling x2  
  27  2:41  Zergling x2  
  28  2:45  Metabolic Boost  
  28  2:50  Zergling x2  
  25  3:05  Zergling x2  
  25  3:16  Zergling x2  
  25  3:20  Queen x2  
  25  3:21  Zergling x2  
  29  3:31  Zergling x6  
  32  3:40  Zergling x2  
  31  3:50  Zergling x2  
  31  3:51  Zergling x4  
  30  4:04  Zergling x2  
  30  4:05  Zergling x6  
  30  4:16  Zergling x2  
  28  4:26  Zergling x2  
  28  4:27  Zergling x4  
  28  4:28  Zergling x2  
  28  4:29  Zergling x4  
  32  4:55  Lair  
  32  4:56  Drone  
  32  4:57  Drone x4  
  36  5:00  Drone  
  36  5:01  Extractor, Drone x2  
  38  5:08  Drone  
  38  5:10  Drone  
  38  5:13  Drone  
  41  5:26  Drone  
  41  5:27  Drone x2  
  44  5:45  Extractor  
  44  5:47  Extractor  
  39  5:54  Zergling x2  
  39  5:55  Drone x6  
  44  6:18  Overlord x2  
  44  6:26  Overlord  
  44  6:30  Baneling Nest  
  44  6:31  Hatchery  
  42  6:33  Evolution Chamber x2  
  42  6:35  Drone  
  42  6:36  Drone x3  
  42  6:38  Drone  
  45  6:46  Drone  
  45  6:47  Drone  
  47  6:50  Drone  
  48  6:57  Drone x3  
  51  7:09  Spire  
  51  7:11  Drone  
  51  7:21  Drone  
  52  7:24  Drone x6  
  54  7:38  Drone x5  
  59  7:47  Centrifical Hooks  
  59  7:51  Drone  
  59  7:55  Drone x5  
  65  8:02  Zerg Melee Weapons Level 1  
  65  8:04  Zerg Ground Armor Level 1  
  65  8:13  Overseer  
  65  8:14  Overlord x2  
  64  8:20  Infestation Pit  
  64  8:23  Mutalisk  
  64  8:24  Mutalisk x2  
  65  8:27  Mutalisk  
  65  8:28  Mutalisk  
  65  8:30  Mutalisk  
  65  8:33  Drone  
  71  8:40  Mutalisk  
  73  8:48  Drone x6  
  79  9:01  Hive, Drone  
  80  9:05  Extractor x2, Drone x5  
  80  9:09  Baneling x2  
  83  9:12  Drone x3  
  83  9:13  Drone x2  
  88  9:31  Drone  
  89  9:33  Overlord x2  
  89  9:40  Zerg Flyer Armor Level 1, Overlord x3  
  89  9:46  Overlord  
  89  9:50  Overlord  
  89  9:54  Pneumatized Carapace  
  89  10:03  Drone  
  89  10:04  Drone x8  
  98  10:17  Hatchery  
  98  10:19  Overlord  
  97  10:23  Corruptor  
  97  10:24  Corruptor x3  
  97  10:27  Ultralisk Cavern  
  104  10:30  Zerg Ground Armor Level 2, Zerg Melee Weapons Level 2  
  104  10:39  Adrenal Glands  
  104  10:41  Zergling x2  
  104  10:42  Zergling x12  
  111  10:51  Baneling x2  
  111  10:52  Baneling x2  
  111  10:53  Zergling x14  
  118  11:15  Ultralisk  
  118  11:16  Ultralisk  
  130  11:21  Chitinous Plating  
  130  11:27  Corruptor  
  124  11:33  Corruptor  
  124  11:37  Corruptor  
  116  11:47  Corruptor  
  116  11:51  Corruptor  
  120  11:56  Corruptor  
  120  12:00  Extractor, Drone x2  
  120  12:01  Extractor  
  122  12:04  Corruptor  
  124  12:13  Corruptor  
  126  12:15  Zergling x2  
  126  12:16  Zergling x8  
  131  12:26  Corruptor  
  131  12:27  Corruptor x2  
  131  12:37  Corruptor  
  133  12:49  Corruptor  
  135  13:00  Zerg Melee Weapons Level 3  
  135  13:03  Ultralisk  
  135  13:04  Overlord x8  
  141  13:15  Corruptor  
  143  13:28  Ultralisk x2  
  143  13:32  Zergling x12, Hatchery  
  143  13:33  Zergling x2  
  161  13:40  Zergling x2  
  148  13:58  Ultralisk  
  148  14:00  Zergling x2  
  148  14:01  Ultralisk x2  
  148  14:02  Ultralisk  
  175  14:10  Ultralisk  
  175  14:24  Ultralisk  
  181  14:30  Overseer  
  181  14:31  Overseer x2  
  181  14:38  Ultralisk  
  187  14:49  Ultralisk  
  193  15:07  Ultralisk  
  189  15:21  Zergling x2  
  189  15:22  Zergling x12  
  189  15:28  Zergling x6  
  189  15:29  Zergling x8  
  189  15:34  Ultralisk  
Tags
 
Add a new tag
Caveats
  • Supply blocks, unpowered buildings, or Contaminate may cause inaccurate times.
  • Supply counts are checked every 10 seconds.